General information
- name: BNet
- type: Ladder team game (AT/RT)
- host: Battle.net
- saver: Seikilos
map: Deadlock
- players: 8
- length: 28:25
- speed: Fast
- version: 1.26 W3XP
- replay type: Public
» download(155 KB)
Players
team 1 (winner)

»
washingmachine (
red | 40 APM | 802 actions | 19:52)
5 Demon Hunter
3 Mana Burn
2 Evasion
» actions
| Build / train | 47 | |
| Enter build submenu | 17 | |
| Enter hero's abilities submenu | 5 | |
| Remove unit from queue | 2 | |
| Right click | 411 | |
| Select / deselect | 286 | |
| Use ability | 34 | |
802 total
» units
| Wisp | 11 | |
| Archer | 10 | |
| Druid of the Talon | 1 | |
| Chimaera | 8 | |
| Hippogryph | 3 | |
33 total
» buildings
| Altar of Elders | 1 | |
| Moon Well | 7 | |
| Ancient of War | 1 | |
| Ancient of Wonders | 1 | |
| Tree of Ages | 1 | |
| Hunter's Hall | 1 | |
| Tree of Eternity | 1 | |
| Ancient of Wind | 1 | |
| Chimaera Roost | 2 | |
| Tree of Life | 1 | |
17 total
» build order
00:09 Altar of Elders
00:20 Moon Well
00:39 Ancient of War
01:32 Moon Well
02:34 Ancient of Wonders
02:59 Tree of Ages
03:27 Moon Well
04:26 Hunter's Hall
05:59 Tree of Eternity
06:35 Ancient of Wind
09:13 Chimaera Roost
10:09 Chimaera Roost
10:59 Moon Well
11:32 Moon Well
12:05 Moon Well
12:41 Moon Well
15:52 Tree of Life
» items
| Potion of Healing | 1 | |
| Scroll of Town Portal | 1 | |
| Orb of Venom | 1 | |
| Anti-magic Potion | 1 | |
4 total
NUKE-HERO-GUY (
teal | 59 APM | 1665 actions | 28:25)
6 Blood Mage
3 Flame Strike
2 Banish
1 Summon Phoenix
1 Keeper of the Grove
1 Entangling Roots
» actions
| Assign group hotkey | 43 | |
| Basic commands | 5 | |
| Build / train | 97 | |
| Enter build submenu | 21 | |
| Enter hero's abilities submenu | 8 | |
| Give item / drop item | 1 | |
| Remove unit from queue | 2 | |
| Right click | 541 | |
| Select / deselect | 249 | |
| Select group hotkey | 625 | |
| Use ability | 73 | |
1665 total
» units
| Peasant | 28 | |
| Footman | 7 | |
| Gryphon Rider | 10 | |
| Dragonhawk Rider | 2 | |
| Archer | 4 | |
51 total
» upgrades
| Masonry | 3 | |
| Swords | 3 | |
| Armor | 3 | |
| Lumber Harvesting | 2 | |
| Animal War Training | 1 | |
| Storm Hammers | 1 | |
| Cloud | 1 | |
14 total
» buildings
| Altar of Kings | 1 | |
| Barracks | 1 | |
| Farm | 9 | |
| Scout Tower | 7 | |
| Arcane Tower | 1 | |
| Arcane Vault | 2 | |
| Lumber Mill | 1 | |
| Town Hall | 2 | |
| Guard Tower | 5 | |
| Keep | 2 | |
| Blacksmith | 1 | |
| Castle | 1 | |
| Gryphon Aviary | 3 | |
36 total
» build order
00:21 Altar of Kings
00:23 Barracks
00:36 Farm
00:50 Farm
01:46 Scout Tower
01:50 Farm
02:27 Arcane Tower
02:30 Farm
03:07 Arcane Vault
03:33 Lumber Mill
04:23 Town Hall
04:25 Scout Tower
04:26 Scout Tower
05:29 Guard Tower
06:05 Guard Tower
06:06 Keep
06:06 Keep
06:11 Blacksmith
06:39 Town Hall
06:45 Scout Tower
06:45 Scout Tower
08:00 Guard Tower
08:19 Farm
08:21 Farm
08:22 Farm
08:22 Farm
08:23 Farm
09:44 Scout Tower
09:44 Scout Tower
09:51 Castle
09:57 Gryphon Aviary
10:14 Gryphon Aviary
10:21 Guard Tower
10:49 Guard Tower
11:45 Gryphon Aviary
12:35 Arcane Vault
» items
| Scroll of Regeneration | 2 | |
| Staff of Teleportation | 1 | |
| Potion of Lesser Invulnerability | 1 | |
| Scroll of Healing | 1 | |
| Boots of Speed | 1 | |
| Potion of Mana | 2 | |
| Orb of Fire | 1 | |
| Scroll of Town Portal | 2 | |
11 total

»
tostido (
purple | 29 APM | 547 actions | 18:53)
6 Demon Hunter
3 Immolation
3 Evasion
1 Priestess of the Moon
1 Searing Arrows
» actions
| Basic commands | 89 | |
| Build / train | 109 | |
| ESC pressed | 3 | |
| Enter build submenu | 30 | |
| Enter hero's abilities submenu | 7 | |
| Remove unit from queue | 6 | |
| Right click | 7 | |
| Select / deselect | 229 | |
| Use ability | 67 | |
547 total
» units
» upgrades
| Vorpal Blades | 1 | |
| Improved Bows | 1 | |
| Upgrade Moon Glaive | 1 | |
| Marksmanship | 1 | |
| Moon Armor | 1 | |
5 total
» buildings
| Moon Well | 11 | |
| Altar of Elders | 2 | |
| Ancient of War | 5 | |
| Hunter's Hall | 1 | |
| Ancient Protector | 3 | |
| Tree of Life | 2 | |
| Tree of Ages | 1 | |
| Tree of Eternity | 1 | |
26 total
» build order
00:25 Moon Well
00:38 Altar of Elders
01:05 Ancient of War
01:43 Moon Well
02:02 Altar of Elders
02:08 Moon Well
02:20 Hunter's Hall
02:30 Ancient of War
02:52 Moon Well
03:44 Ancient Protector
04:08 Ancient of War
04:17 Moon Well
05:45 Tree of Life
06:28 Ancient Protector
07:07 Moon Well
07:19 Ancient Protector
07:23 Moon Well
09:28 Moon Well
09:31 Tree of Ages
09:45 Ancient of War
10:01 Ancient of War
10:09 Moon Well
10:23 Moon Well
11:11 Moon Well
13:16 Tree of Life
14:01 Tree of Eternity
team 2 (loser)

»
perrier.alan (
blue | 42 APM | 1092 actions | 26:09)
4 Priestess of the Moon
2 Trueshot Aura
1 Scout
1 Searing Arrows
» actions
| Assign group hotkey | 26 | |
| Build / train | 56 | |
| ESC pressed | 4 | |
| Enter build submenu | 25 | |
| Enter hero's abilities submenu | 4 | |
| Right click | 433 | |
| Select / deselect | 286 | |
| Select group hotkey | 226 | |
| Use ability | 32 | |
1092 total
» units
| Wisp | 17 | |
| Archer | 9 | |
| Hippogryph | 11 | |
| Chimaera | 6 | |
| Druid of the Talon | 2 | |
45 total
» upgrades
| Strength of the Wild | 2 | |
| Corrosive Breath | 1 | |
| Reinforced Hides | 1 | |
4 total
» buildings
| Altar of Elders | 1 | |
| Moon Well | 7 | |
| Ancient of War | 1 | |
| Hunter's Hall | 1 | |
| Tree of Ages | 1 | |
| Ancient Protector | 5 | |
| Ancient of Wind | 3 | |
| Tree of Eternity | 1 | |
| Tree of Life | 2 | |
| Chimaera Roost | 2 | |
24 total
» build order
00:15 Altar of Elders
00:20 Moon Well
00:58 Ancient of War
02:08 Moon Well
02:57 Hunter's Hall
03:43 Moon Well
04:12 Tree of Ages
04:31 Ancient Protector
04:44 Ancient Protector
06:04 Moon Well
07:12 Ancient of Wind
07:19 Ancient Protector
07:35 Tree of Eternity
09:22 Tree of Life
10:00 Chimaera Roost
10:09 Chimaera Roost
10:14 Moon Well
10:59 Ancient Protector
11:18 Ancient Protector
14:03 Moon Well
14:06 Moon Well
14:38 Tree of Life
17:05 Ancient of Wind
17:57 Ancient of Wind
Seikilos (
green | 67 APM | 1895 actions | 28:25)
8 Blood Mage
3 Flame Strike
3 Siphon Mana
1 Summon Phoenix
1 Banish
» actions
| Assign group hotkey | 28 | |
| Basic commands | 127 | |
| Build / train | 112 | |
| ESC pressed | 1 | |
| Enter build submenu | 31 | |
| Enter hero's abilities submenu | 8 | |
| Give item / drop item | 1 | |
| Right click | 749 | |
| Select / deselect | 336 | |
| Select group hotkey | 397 | |
| Use ability | 105 | |
1895 total
» units
| Peasant | 21 | |
| Footman | 10 | |
| Sorceress | 3 | |
| Dragonhawk Rider | 5 | |
| Priest | 2 | |
| Gryphon Rider | 3 | |
44 total
» upgrades
| Masonry | 3 | |
| Swords | 3 | |
| Lumber Harvesting | 2 | |
| Armor | 3 | |
| Sorceress Training | 2 | |
| Magic Sentry | 1 | |
| Animal War Training | 1 | |
| Storm Hammers | 1 | |
| Cloud | 1 | |
| Priest Training | 2 | |
| Gunpowder | 1 | |
| Plating | 1 | |
21 total
» buildings
| Altar of Kings | 1 | |
| Barracks | 1 | |
| Farm | 10 | |
| Town Hall | 2 | |
| Arcane Vault | 1 | |
| Scout Tower | 9 | |
| Lumber Mill | 1 | |
| Arcane Tower | 2 | |
| Guard Tower | 6 | |
| Keep | 3 | |
| Blacksmith | 1 | |
| Castle | 1 | |
| Arcane Sanctum | 1 | |
| Gryphon Aviary | 2 | |
41 total
» build order
00:03 Altar of Kings
00:11 Barracks
00:16 Farm
01:01 Farm
02:23 Farm
03:23 Town Hall
03:43 Arcane Vault
04:47 Scout Tower
04:50 Scout Tower
04:52 Scout Tower
05:36 Lumber Mill
05:37 Arcane Tower
05:41 Scout Tower
06:13 Farm
06:15 Guard Tower
06:46 Keep
06:47 Keep
06:56 Scout Tower
06:57 Scout Tower
06:58 Scout Tower
07:28 Guard Tower
07:38 Guard Tower
07:50 Guard Tower
08:01 Blacksmith
09:12 Castle
09:41 Arcane Sanctum
11:04 Gryphon Aviary
11:15 Scout Tower
11:27 Gryphon Aviary
11:49 Guard Tower
15:14 Farm
15:15 Farm
15:38 Farm
17:20 Farm
20:51 Scout Tower
21:42 Arcane Tower
22:30 Farm
25:07 Town Hall
26:23 Farm
» items
| Scroll of Regeneration | 6 | |
| Staff of Teleportation | 1 | |
| Boots of Speed | 1 | |
| Lesser Clarity Potion | 4 | |
| Potion of Healing | 3 | |
| Potion of Mana | 3 | |
| Scroll of Town Portal | 4 | |
| Potion of Invisibility | 1 | |
| Potion of Lesser Invulnerability | 1 | |
| Orb of Corruption | 1 | |
25 total
HeartOfIron (
pink | 84 APM | 2377 actions | 28:23)
7 Blood Mage
3 Flame Strike
3 Siphon Mana
1 Banish
5 Death Knight
2 Death Coil
3 Unholy Aura
» actions
| Assign group hotkey | 102 | |
| Basic commands | 148 | |
| Build / train | 102 | |
| Enter build submenu | 50 | |
| Enter hero's abilities submenu | 12 | |
| Give item / drop item | 1 | |
| Remove unit from queue | 2 | |
| Right click | 928 | |
| Select / deselect | 581 | |
| Select group hotkey | 355 | |
| Use ability | 96 | |
2377 total
» units
| Peasant | 13 | |
| Acolyte | 7 | |
| Ghoul | 5 | |
| Footman | 5 | |
| Crypt Fiend | 7 | |
| Sorceress | 2 | |
| Obsidian Statue | 2 | |
| Abomination | 3 | |
| Gryphon Rider | 5 | |
49 total
» upgrades
| Lumber Harvesting | 2 | |
| Masonry | 2 | |
| Sorceress Training | 1 | |
| Magic Sentry | 1 | |
| Web | 1 | |
| Burrow | 1 | |
| Creature Attack | 3 | |
| Creature Carapace | 1 | |
| Unholy Armor | 2 | |
| Disease Cloud | 1 | |
| Swords | 3 | |
| Unholy Strength | 1 | |
| Storm Hammers | 1 | |
| Armor | 2 | |
| Destroyer Form | 1 | |
23 total
» buildings
| Crypt | 2 | |
| Ziggurat | 9 | |
| Altar of Kings | 1 | |
| Barracks | 1 | |
| Altar of Darkness | 1 | |
| Farm | 8 | |
| Graveyard | 1 | |
| Tomb of Relics | 1 | |
| Keep | 1 | |
| Halls of the Dead | 1 | |
| Arcane Vault | 1 | |
| Lumber Mill | 1 | |
| Town Hall | 2 | |
| Arcane Sanctum | 1 | |
| Scout Tower | 7 | |
| Guard Tower | 1 | |
| Slaughterhouse | 2 | |
| Black Citadel | 1 | |
| Gryphon Aviary | 3 | |
| Castle | 1 | |
| Blacksmith | 2 | |
| Spirit Tower | 2 | |
50 total
» build order
00:11 Crypt
00:14 Ziggurat
00:38 Altar of Kings
00:39 Barracks
00:46 Altar of Darkness
00:55 Farm
01:10 Farm
01:11 Farm
01:20 Farm
01:27 Ziggurat
02:07 Graveyard
02:41 Farm
03:13 Tomb of Relics
03:15 Ziggurat
03:30 Keep
04:17 Halls of the Dead
04:20 Arcane Vault
04:23 Lumber Mill
04:36 Town Hall
06:09 Arcane Sanctum
06:17 Scout Tower
06:18 Scout Tower
06:19 Scout Tower
06:20 Scout Tower
06:21 Scout Tower
06:21 Scout Tower
06:51 Ziggurat
07:37 Guard Tower
09:17 Ziggurat
09:17 Ziggurat
09:17 Ziggurat
09:20 Ziggurat
09:21 Ziggurat
09:26 Crypt
09:29 Slaughterhouse
09:31 Black Citadel
09:52 Gryphon Aviary
09:52 Gryphon Aviary
09:53 Gryphon Aviary
09:55 Castle
10:08 Slaughterhouse
11:04 Farm
11:05 Farm
11:05 Farm
11:11 Blacksmith
12:15 Blacksmith
13:22 Scout Tower
14:57 Spirit Tower
15:41 Spirit Tower
22:03 Town Hall
» items
| Potion of Healing | 2 | |
| Scroll of Town Portal | 1 | |
| Potion of Mana | 1 | |
| Lesser Clarity Potion | 1 | |
5 total

»
RadarOn (
yellow | 0 APM | 0 actions | 00:01)
Chat log
(00:04 / Allies) perrier.alan: omg..
(00:06 / All) NUKE-HERO-GUY: GOD DAMMIT
(00:11 / All) perrier.alan: seriously
(00:16 / Allies) perrier.alan: 33
(00:18 / Allies) perrier.alan: lets rush
(00:23 / Allies) Seikilos: no.
(00:31 / Allies) perrier.alan: unlesss u want to control yellow the whole time
(00:35 / Allies) HeartOfIron: I got him
(00:37 / Allies) perrier.alan: ok
(00:38 / Allies) Seikilos: I will take him as an expo
(00:46 / Allies) Seikilos: unless pink wants to use him
(00:53 / All) Seikilos: MISER, MISER, MISER
(00:53 / Allies) perrier.alan: we will risk3v4 if u use his expo
(01:04 / All) NUKE-HERO-GUY: my grace and my liege, i am at your command
(01:06 / Allies) perrier.alan: units?
(01:12 / All) perrier.alan: touch me
(01:25 / All) NUKE-HERO-GUY: lawl
(01:28 / Allies) perrier.alan: wat r yall getting
(01:36 / All) NUKE-HERO-GUY: red caught me statsing him
(01:47 / All) Seikilos: 21-16
(01:56 / All) NUKE-HERO-GUY: uh
(01:59 / All) NUKE-HERO-GUY: hmmm
(02:02 / All) NUKE-HERO-GUY: i am a homo
(02:22 / Allies) perrier.alan: units?
(02:40 / All) NUKE-HERO-GUY: this will be a quick game
(02:42 / All) NUKE-HERO-GUY: i think lawl
(03:16 / All) perrier.alan: feel me inside you
(04:30 / All) NUKE-HERO-GUY: wood plz
(06:19 / All) NUKE-HERO-GUY: wood plz
(06:22 / Allies) perrier.alan: they rushing
(06:27 / Allies) perrier.alan: two ancients of war
(06:29 / Allies) perrier.alan: tier 1
(06:33 / Allies) perrier.alan: still
(07:20 / All) NUKE-HERO-GUY: leave it red
(07:21 / All) NUKE-HERO-GUY: b
(07:21 / All) NUKE-HERO-GUY: b
(07:21 / All) NUKE-HERO-GUY: b
(07:44 / Allies) perrier.alan: chims here
(07:54 / Allies) Seikilos: shut the fuck up
(08:01 / Allies) perrier.alan: blow me fuckface
(08:29 / All) NUKE-HERO-GUY: wood plz
(11:15 / All) NUKE-HERO-GUY: yes
(11:19 / All) NUKE-HERO-GUY: this will be a short game
(11:23 / All) NUKE-HERO-GUY: blue how u doing
(11:24 / All) NUKE-HERO-GUY: man
(11:24 / All) perrier.alan: yes
(11:27 / All) perrier.alan: GOOD
(11:34 / All) NUKE-HERO-GUY: u like any console games
(11:39 / All) NUKE-HERO-GUY: like skyrim
(11:40 / All) NUKE-HERO-GUY: or halo
(11:46 / All) perrier.alan: cod and halo
(11:53 / All) NUKE-HERO-GUY: what level are u in cod
(12:10 / All) perrier.alan: i am chillin on level 80 prestige 6
(12:16 / All) NUKE-HERO-GUY: i think u get mounts in call of duty at level 10 now, not sure
(12:19 / All) perrier.alan: getting all weapons gold
(12:23 / All) perrier.alan: rlly?
(12:26 / Allies) HeartOfIron: wood
(12:26 / All) Seikilos: yeah
(12:48 / All) NUKE-HERO-GUY: can u leave my expo alone blue? i won't hit urs if u dont hit mine
(12:54 / All) NUKE-HERO-GUY: we are both peers of cod
(13:03 / All) perrier.alan: maybe;)
(15:02 / All) NUKE-HERO-GUY: hit blue base
(15:25 / All) perrier.alan: untouchable
(16:42 / Allies) perrier.alan: massingh ippos
(17:55 / All) Seikilos: gg
(18:18 / All) perrier.alan: feel me inside
(19:46 / All) Seikilos: Blue tried shit talking me earlier after I insulted him.
(19:49 / All) Seikilos: Now I killed all his shit.
(19:54 / All) NUKE-HERO-GUY: lawl
(19:56 / All) perrier.alan: lol like i care bro
(19:58 / All) perrier.alan: u mad???
(20:02 / All) Seikilos: Then leave if you don't care.
(20:07 / All) perrier.alan: go back to your disfunctional family
(20:09 / All) Seikilos: I'm quivering in fear at a meme.
(20:11 / All) perrier.alan: we won already dumbshit
(20:17 / All) Seikilos: Not if I can help it.
(20:23 / All) Seikilos: Just leave if it's not a big deal.
(20:33 / All) perrier.alan: lol easy win free win baby boy
(20:35 / All) perrier.alan: umad?
(20:40 / All) NUKE-HERO-GUY: screw u blue
(20:42 / All) NUKE-HERO-GUY: ur a noob
(20:46 / All) Seikilos: I'm so mad after dominating you.
(21:02 / All) perrier.alan: lol teal
(21:26 / All) perrier.alan: dumbass walking into fiends
(21:34 / All) NUKE-HERO-GUY: i have 15k gold
(21:40 / All) Seikilos: As a noob elf you have no right to insult someone blue.
(21:40 / All) perrier.alan: cool story brahhhh
(21:48 / All) NUKE-HERO-GUY: ill rape green adn pink
(21:49 / All) perrier.alan: lol green, get laid son
(21:50 / All) NUKE-HERO-GUY: they cant touch me
(21:57 / All) perrier.alan: green u mad???
(21:58 / All) Seikilos: Your insults are extremely original.
(22:00 / All) perrier.alan: u mad brahh????
(22:18 / All) Seikilos: I'm going to upload this replay to highper.ch so everyone can laugh at you.
(22:28 / All) perrier.alan: lol so all you gamefreaks can laugh?
(22:34 / All) perrier.alan: haha get into the real world fucking geek
(22:35 / All) Seikilos: "gamefreaks"
(22:41 / All) Seikilos: you play CoD and halo, kill yourself
(22:44 / All) perrier.alan: upload it to whereever you want son
(22:50 / All) Seikilos: Alright, I will
(22:51 / All) NUKE-HERO-GUY: save the denial, blue, you are in this game when u can control no units, u have no life
(22:52 / All) perrier.alan: lol i do play, once in a while
(23:03 / All) perrier.alan: lol facebook me biatch
(23:15 / All) Seikilos: Nobody cares about your shitty Facebook about your uneventful life.
(23:17 / All) perrier.alan: look at me and ADMIRE bitch
(23:19 / All) HeartOfIron: do you have hundreds of facebook friends
(23:34 / All) perrier.alan: the best body out of all u fuckers put together
(23:38 / All) perrier.alan: get the most bitches
(23:39 / All) perrier.alan: make the most money
(23:42 / All) perrier.alan: BAM!!!!
(23:42 / All) Seikilos: lol
(23:44 / All) perrier.alan: lol
(23:45 / All) HeartOfIron: are you from the jersey shore?
(23:46 / All) Seikilos: How much do you make?
(23:58 / All) NUKE-HERO-GUY: i am the son of donatello from ninja turtles
(24:00 / All) perrier.alan: 250k a month
(24:00 / All) NUKE-HERO-GUY: corey feldman
(24:04 / All) perrier.alan: lol bitch pleeeezzz
(24:15 / All) Seikilos: Should spend it on an English lesson.
(24:23 / All) Seikilos: Not an insult, just a suggestion.
(24:27 / All) Seikilos: One in oration would be good too.
(24:30 / All) perrier.alan: lol i have all the money I need, all the bitches I need, have a 4.2 GPA
(24:34 / All) Seikilos: Make a speech to the bitchezzzzz
(24:35 / All) perrier.alan: the body i desire
(24:38 / All) NUKE-HERO-GUY: u are full of urself blue, no way do u have money and a nice body
(24:40 / All) HeartOfIron: Wow that is pretty impressive
(24:45 / All) perrier.alan: facebook me like i said
(24:49 / All) HeartOfIron: at Jersey Shore community college?
(24:50 / All) perrier.alan: and im confident and into myself
(24:52 / All) Seikilos: Only 4.2? You need at least 4.5 to join the CIA.
(24:52 / All) NUKE-HERO-GUY: what ur facebook
(24:55 / All) perrier.alan: UT AUSTIN
(24:57 / All) Seikilos: Check the CIA.gov website.
(24:59 / All) Seikilos: 4.5 bare minimum.
(25:00 / All) perrier.alan: lol CIA shit money
(25:02 / All) Seikilos: You are small potatoes.
(25:04 / All) perrier.alan: shit money son
(25:15 / All) Seikilos: Instead you just get power over the entire US population.
(25:44 / All) Seikilos: I shall title this replay
(25:51 / All) perrier.alan: yes
(25:52 / All) Seikilos: if it fits
(25:59 / All) perrier.alan: yesyes
(26:15 / All) NUKE-HERO-GUY: lawl
(26:27 / All) Seikilos: Blue was funny.
(26:51 / All) Seikilos: MAKE 250,000, GET ALL THE BITCHES, PLAY COD HALO AND WC3 ALL DAY.
(27:15 / All) Seikilos: Which team gets the loss?
(27:17 / All) Seikilos: I say ours.
(27:24 / All) NUKE-HERO-GUY: uh
(27:26 / All) HeartOfIron: dumb faggot
(27:33 / All) NUKE-HERO-GUY: i ams orry my liege
(27:40 / 8) Seikilos: should we team Jake?
(27:43 / All) HeartOfIron: Fucking pissant peasant uprising
(27:53 / All) NUKE-HERO-GUY: your grace, allow me my ration
(28:14 / All) NUKE-HERO-GUY: teelo may be back
(28:17 / All) NUKE-HERO-GUY: u 2 get the loss
(28:22 / All) HeartOfIron: well you decide who loses